 Dungeon Crawl Stone Soup version 0.31.0-11-ge490571c62 (webtiles) character file.

Game seed: 4810133249935203528

479 Flugkiller the Insei (level 6, 0/52 HPs)
             Began as a Demigod Shapeshifter on Jan 30, 2024.
             Slain by a black bear (2 damage)
             ... on level 5 of the Dungeon.
             The game lasted 00:03:04 (3859 turns).

Flugkiller the Insei (Demigod Shapeshifter)         Turns: 3859, Time: 00:03:04

Health: 0/52       AC:  7    Str: 15    XL:     6   Next: 55%
Magic:  8/8        EV: 11    Int: 12    God:
Gold:   164        SH:  0    Dex: 21    Spells: 5/5 levels left

rFire   . .          .
                       - Unarmed
rCold   . . .        (no shield)
rNeg    . . .        e - +2 ring mail {rPois}
rPois   +            (helmet currently unavailable)
rElec   .            (cloak currently unavailable)
rCorr   .            (gloves currently unavailable)
SInv    .            (boots currently unavailable)
Will    .....        (no amulet)
Stlth   +            (no ring)
HPRegen 0.28/turn    (no ring)
MPRegen 0.11/turn

%: no passive effects
@: beast-form
A: beast (slay +2), high MP 1, forlorn, divine attributes
a: Begin Untransformation


You were on level 5 of the Dungeon.
You were a hulking beast.
You visited 1 branch of the dungeon, and saw 5 of its levels.

You collected 164 gold pieces.

Inventory:

Armour
 a - a +0 pair of gloves
   (You found it on level 4 of the Dungeon)
 e - a +2 ring mail of poison resistance (worn)
   (You took it off Ijyb on level 4 of the Dungeon)
 f - a +0 helmet
   (You found it on level 1 of the Dungeon)
 i - a +1 pair of boots
   (You found it on level 4 of the Dungeon)
Jewellery
 r - a ring of ice
   (You found it on level 5 of the Dungeon)
Talismans
 c - a beast talisman
 p - a flux talisman
Wands
 b - a wand of flame (10)
   (You took it off Ijyb on level 4 of the Dungeon)
Scrolls
 h - a scroll of poison
 j - a scroll of vulnerability
 m - a scroll of enchant armour
 o - a scroll of fear
 s - a scroll of immolation {unknown}
 t - 2 scrolls of teleportation
 z - a scroll of blinking
Potions
 d - a potion of might
 g - a potion of mutation {unknown}
 k - a potion of attraction
 l - 2 potions of curing {unknown}
 n - 2 potions of brilliance
 q - a potion of invisibility {unknown}
 u - a potion of enlightenment {unknown}
 v - a potion of ambrosia {unknown}
 w - a potion of heal wounds


   Skills:
 + Level 3.8 Fighting
 - Level 1.7 Dodging
 + Level 4.6 Unarmed Combat
 + Level 4.3 Shapeshifting


You had 5 spell levels left.
You didn't know any spells.
Your spell library contained the following spells:

 Spells                   Type           Power      Damage    Failure   Level
 Magic Dart               Conj           0%         1d3       54%         1
 Blink                    Tloc           0%         N/A       69%         2
 Call Imp                 Summ           0%         N/A       69%         2
 Ensorcelled Hibernation  Hex/Ice        0%         N/A       69%         2
 Ozocubu's Armour         Ice            0%         N/A       89%         3
 Passwall                 Erth           0%         N/A       89%         3
 Stone Arrow              Conj/Erth      0%         3d7       89%         3
 Swiftness                Air            0%         N/A       89%         3
 Animate Armour           Summ/Erth      0%         N/A       100%        4
 Metabolic Englaciation   Hex/Ice        0%         N/A       100%        5
 Sculpt Simulacrum        Ice/Alch       0%         N/A       100%        6
 Lehudib's Crystal Spear  Conj/Erth      0%         10d2      100%        8


Dungeon Overview and Level Annotations

Branches:
Dungeon (5/15) Zot: 26156  Temple (0/1) D:4

Shops:
D:2 ?*(   D:4 *


Innate Abilities, Weirdness & Mutations

You are a hulking beast.
Your limbs bulge with bestial killing power. (Slay +2)
You have an increased reservoir of magic. (+10% MP)
You shall have no god before yourself.
Your divine heritage dramatically boosts your attributes as you level up.


Message History

The sleepcap releases spores at you.
You hit the sleepcap but do no damage.
You punch the sleepcap, but do no damage.
The sleepcap is heavily damaged.
The sleepcap completely misses you.
You hit the sleepcap.
The sleepcap is severely damaged.
The sleepcap closely misses you.
You hit the sleepcap.
The sleepcap is almost destroyed.
The sleepcap closely misses you.
You punch the sleepcap!
You destroy the sleepcap!
You see here a +0 falchion.
No target in view!
You see here a +1 ring mail of cold resistance.
You open the door.
You hear the slow hiss of a very distant avalanche of sand.
There is an open door here.
You now have 164 gold pieces (gained 9).
Found a stone staircase leading down.
HP restored.
r - a ring of ice
Found a spear.
Found a stone staircase leading up.
Found a kite shield.
An adder comes into view.
Found 18 gold pieces.
An adder is nearby!
The adder hisses angrily.
A black bear comes into view.
The adder barely misses you.
You hit the adder but do no damage. The adder bites you but does no damage.
You hit the adder.
The adder is moderately wounded.
The adder bites you but does no damage.
You hit the adder.
The adder is almost dead.
You hear the slow hiss of an avalanche of sand nearby.
The adder closely misses you.
You hit the adder.
You kill the adder!
The black bear bites you but does no damage.
The black bear claws you but does no damage. x2
You hit the black bear.
The black bear is lightly wounded.
The black bear completely misses you. The black bear barely misses you.
The black bear claws you but does no damage.
You punch the black bear!
The black bear is moderately wounded.
The black bear barely misses you.
The black bear claws you but does no damage.
The black bear barely misses you.
You hit the black bear.
The black bear is heavily wounded.
The black bear bites you but does no damage.
The black bear claws you.
The black bear claws you but does no damage.
You hit the black bear but do no damage.
The black bear is heavily wounded.
The black bear bites you. The black bear claws you.
The black bear claws you but does no damage.
You punch the black bear! Your punch misses the black bear.
The black bear is severely wounded.
The black bear bites you.
The black bear claws you but does no damage.
The black bear closely misses you.
You hit the black bear.
The black bear is almost dead.
You hit the black bear but do no damage.
The black bear is almost dead.
The black bear goes berserk!
You closely miss the black bear.
The black bear is almost dead.
The black bear barely misses you. x2; The black bear claws you.
The black bear bites you. The black bear misses you.
The black bear claws you but does no damage.
You hit the black bear.
The black bear is almost dead.
The black bear bites you. The black bear misses you. The black bear claws you.
You barely miss the black bear.
The black bear is almost dead.
The black bear bites you! The black bear closely misses you.
The black bear barely misses you.
You hit the black bear.
The black bear is almost dead.
The black bear bites you. The black bear closely misses you.
The black bear misses you. The black bear bites you!
* * * LOW HITPOINT WARNING * * *
The black bear claws you.
* * * LOW HITPOINT WARNING * * *
The black bear claws you but does no damage.
Unknown command.
You closely miss the black bear.
The black bear is almost dead.
The black bear bites you.
* * * LOW HITPOINT WARNING * * *
The black bear claws you.
* * * LOW HITPOINT WARNING * * *
The black bear claws you.
You die...

# #........# #...#
#....[...# #...# #
....... #... + ......
#..# # # #..)# #..# ...
#####...########..##....
..#.....<....#.$........
..#..........#..hh......
.#####..###..##.#######+
.##.##..###..##.#
..........#.....#
..........#.....#
#+####+####.##### #.#
... ....


You could see a black bear (berserk).

Vanquished Creatures
  Sigmund (D:3)
  A bombardier beetle (D:4)
  A jelly (D:4)
  An orc priest (D:4)
  A sleepcap (D:5)
  Terence (D:2)
  Ijyb (D:4)
  6 adders
  4 dart slugs
  2 ribbon worms (D:3)
  7 orcs (D:4)
  8 bats
  7 endoplasms
  A giant cockroach (D:2)
  6 goblins
  7 hobgoblins
  3 jackals (D:1)
  8 quokkas
  4 ball pythons
  A frilled lizard (D:1)
  12 kobolds
  3 rats
86 creatures vanquished.

Notes
Turn   | Place    | Note
-------+----------+-------------------------------------------
     0 | D:1      | Flugkiller the Demigod Shapeshifter began the quest for the
                  | Orb.
     0 | D:1      | Reached XP level 1. HP: 15/15 MP: 3/3
    51 | D:1      | Reached skill level 1 in Fighting
   174 | D:1      | Reached XP level 2. HP: 21/23 MP: 4/4
   432 | D:1      | Reached XP level 3. HP: 29/29 MP: 5/5
   833 | D:2      | Noticed Terence
   855 | D:2      | Killed Terence
  1101 | D:2      | Found Xemm's Magic Scroll Boutique.
  1102 | D:2      | Found Lelal's Assorted Antiques.
  1115 | D:2      | Reached XP level 4. HP: 26/36 MP: 6/6
  1253 | D:2      | Found Ubuadeba's Weapon Shoppe.
  1352 | D:3      | Noticed Sigmund
  1367 | D:3      | Killed Sigmund
  1368 | D:3      | Reached XP level 5. HP: 45/45 MP: 7/7
  2695 | D:4      | HP: 2/45 [poisoned by an adder]
  2820 | D:4      | Found Penicsue's Assorted Antiques.
  2864 | D:4      | Reached XP level 6. HP: 12/51 MP: 8/8
  3054 | D:4      | Found a staircase to the Ecumenical Temple.
  3338 | D:4      | Noticed Ijyb
  3353 | D:4      | Killed Ijyb
  3742 | D:5      | Entered Level 5 of the Dungeon
  3859 | D:5      | HP: 2/52 [black bear (3)]
  3859 | D:5      | Slain by a black bear

Illustrated notes

Levels and vault maps discovered:
D:1:      dpeg_arrival_tiny_c, layout_basic
D:2:      layout_rooms, basic_altar, serial_shops, shop, shop,
          nicolae_shop_window_shopping, grunt_decor_cap, uniq_terence
D:3:      layout_basic, uniq_sigmund
D:4:      layout_loops_ring, minmay_temple_entry_water_ring, serial_shops, shop,
          uniq_ijyb
D:5:      layout_gridville, enter_ossuary_1

Skill      XL: |  1  2  3  4  5 |
---------------+----------------+-----
Fighting       | 1 2 3 |  3.8
Unarmed Combat | 3 4 |  4.6
Shapeshifting  | 3 4 |  4.3
Dodging        | |  1.7

Action                     |  1- 3 |  4- 6 || total
---------------------------+-------+-------++-------
  Melee: Unarmed           |   138 |   183 ||   321
         Punch             |     3 |     9 ||    12
    Use: Potion            |       |     4 ||     4
         Scroll            |       |    10 ||    10
 Armour: Animal skin       |    44 |       ||    44
         Scale mail        |    25 |    72 ||    97
         Skin              |       |     2 ||     2
         Ring mail         |       |    45 ||    45
  Dodge: Dodged            |    85 |    71 ||   156
